 Dungeon Crawl Stone Soup version 0.21.0-26-g889b8f6 (webtiles) character file.

149 nikopol the Shield-Bearer (level 5, -6/33 HPs)
             Began as a Gargoyle Fighter on Jan 27, 2018.
             Mangled by an orc warrior
             ... wielding a +0 glaive
              (21 damage)
             ... on level 2 of the Dungeon.
             The game lasted 00:05:22 (1468 turns).

nikopol the Shield-Bearer (Gargoyle Fighter)        Turns: 1468, Time: 00:05:23

Health: -6/33      AC: 12    Str: 20    XL:     5   Next: 31%
Magic:  5/5        EV:  7    Int:  8    God:
Gold:   49         SH:  9    Dex: 10    Spells: 4/4 levels left

rFire    . . .     SeeInvis .   a - +0 war axe
rCold    . . .     Gourm    .   c - +0 shield
rNeg     + . .     Faith    .   b - +0 scale mail
rPois    ∞         Spirit   .   (no helmet)
rElec    +         Reflect  .   (no cloak)
rCorr    .         Harm     .   e - +0 pair of gloves (curse)
MR       .....                  (no boots)
Stlth    ..........             (no amulet)
HPRegen  0.11/turn              (no ring)
MPRegen  0.09/turn              (no ring)

@: no status effects
A: negative energy resistance 1, electricity resistance, unbreathing,
petrification resistance, rot immunity, AC +4
a: no special abilities


You were on level 2 of the Dungeon.
You were very hungry.

You visited 1 branch of the dungeon, and saw 2 of its levels.

You collected 49 gold pieces.

Inventory:

Hand Weapons
 a - a +0 war axe (weapon)
Armour
 b - a +0 scale mail (worn)
 c - a +0 shield (worn)
 e - a cursed +0 pair of gloves (worn)
Jewellery
 n - a +5 amulet of reflection {unknown}
Scrolls
 g - 2 scrolls of immolation {unknown}
 h - a scroll of random uselessness {unknown}
 i - a scroll of fear {unknown}
 j - 2 scrolls of remove curse {unknown}
 k - a scroll of enchant weapon {unknown}
 m - a scroll of noise {unknown}
 o - a scroll of enchant armour {unknown}
 p - a scroll of fog {unknown}
Potions
 d - a potion of might
 l - 2 potions of heal wounds {unknown}
Comestibles
 f - 5 rations


   Skills:
 + Level 3.9 Fighting
 + Level 3.3 Axes
 + Level 3.9 Armour
 + Level 0.9 Dodging
 + Level 4.1 Shields


You had 4 spell levels left.
You didn't know any spells.

Dungeon Overview and Level Annotations

Branches:
Dungeon (2/15)

Altars:
Gozag


Innate Abilities, Weirdness & Mutations

You are resistant to torment.
Your stone body is resilient. (AC +4)
You are immune to poison.
You resist negative energy. (rN+)
You are resistant to electric shocks. (rElec)
You can survive without breathing.
You are immune to petrification.
You are immune to rotting.


Message History

The orc warrior barely misses you.
The orc wizard gestures at you while chanting.
The magic dart hits you!
You are too injured to fight recklessly!
You barely miss the orc wizard.
The orc wizard is heavily wounded.
You block the orc warrior's attack. You block the orc wizard's attack.
You closely miss the orc wizard.
The orc wizard is heavily wounded.
The orc wizard hits you but does no damage.
You block the orc warrior's attack.
The orc wizard casts a spell.
The orc wizard seems to speed up.
You closely miss the orc wizard.
The orc wizard is heavily wounded.
The orc wizard gestures wildly while chanting.
The orc wizard blinks!
The orc warrior hits you from afar with a glaive!!
Ouch! That really hurt!
You die...

................+
##.#####.########
##+#####.# .........#
.........# .........#
.........# #####
.#####'#.#########ooo...
.# #.#....o...@§# .#
#.#..........+ .#
#.##.........# .#
#.#...######## .##
#.#.#.....#
..####.#....##.#
....##.#.....#.#
....##.#.)...#'###
....##.#.........#


You could see an orc warrior, 2 orc wizards and an orc.

Vanquished Creatures
  A phantom (D:2)
  An adder (D:2)
  An ooze (D:1)
  A worm (D:2)
  A leopard gecko (D:1)
  3 bats (D:1)
  2 giant cockroaches (D:1)
  9 goblins
  5 hobgoblins
  A ball python (D:1)
  2 frilled lizards
  7 kobolds
  8 rats
42 creatures vanquished.

Notes
Turn   | Place    | Note
-------+----------+-------------------------------------------
     0 | D:1      | nikopol the Gargoyle Fighter began the quest for the Orb.
     0 | D:1      | Reached XP level 1. HP: 14/14 MP: 1/1
   240 | D:1      | Reached XP level 2. HP: 19/19 MP: 2/2
   444 | D:1      | Reached XP level 3. HP: 22/24 MP: 3/3
   887 | D:2      | Found an opulent altar of Gozag.
  1000 | D:2      | Noticed a phantom
  1019 | D:2      | Reached XP level 4. HP: 18/29 MP: 4/4
  1270 | D:2      | Killed a phantom
  1270 | D:2      | Reached skill level 4 in Shields
  1270 | D:2      | Reached XP level 5. HP: 19/33 MP: 5/5
  1460 | D:2      | Noticed an orc warrior
  1468 | D:2      | Mangled by an orc warrior

Skill      XL: |  1  2  3  4 |
---------------+-------------+-----
Axes           | 2 3 |  3.3
Shields        | 4 |  4.1
Fighting       | |  3.9
Armour         | |  3.9
Dodging        | |  0.9

Action                   |  1- 3 |  4- 6 || total
-------------------------+-------+-------++-------
Melee: War axe           |   116 |    25 ||   141
  Eat: Chunk             |     1 |       ||     1
Armor: Scale mail        |    75 |     9 ||    84
Dodge: Dodged            |    46 |     6 ||    52
Block: Shield            |    95 |    10 ||   105
